 Dungeon Crawl Stone Soup version 0.23-a0-448-g1c01f63 (webtiles) character file.

27 Lavandula the Magician (level 3, 0/28 HPs)
             Began as a Naga Air Elementalist on Nov 21, 2018.
             Slain by a jackal (3 damage)
             ... on level 2 of the Dungeon.
             The game lasted 00:01:41 (198 turns).

Lavandula the Magician (Naga Air Elementalist)       Turns: 198, Time: 00:01:42

Health: 0/28       AC:  2    Str: 10    XL:     3   Next: 10%
Magic:  7/7        EV: 10    Int: 16    God:
Gold:   28         SH:  0    Dex: 11    Spells: 7/8 levels left

rFire    . . .     SeeInvis +   d - +0 dagger
rCold    . . .     Gourm    .   (no shield)
rNeg     . . .     Faith    .   a - +0 robe
rPois    +         Spirit   .   (no helmet)
rElec    .         Reflect  .   (no cloak)
rCorr    .         Harm     .   (no gloves)
MR       .....                  (no barding)
Stlth    ++........             (no amulet)
HPRegen  0.09/turn              (no ring)
MPRegen  0.10/turn              (no ring)

@: short of breath, very slow
A: large, see invisible, deformed body, poison resistance, slowness 2, slow
metabolism 1, spit poison 1, AC +1
a: Spit Poison


You were on level 2 of the Dungeon.
You were not hungry.

You visited 1 branch of the dungeon, and saw 4 of its levels.

You collected 28 gold pieces.

Inventory:

Hand Weapons
 d - a +0 dagger (weapon)
Armour
 a - a +0 robe (worn)
Wands
 e - a wand of random effects (19)
Comestibles
 c - a ration


   Skills:
 - Level 1.5 Dodging
 - Level 3.0 Stealth
 + Level 3.3 Spellcasting
 - Level 1.0 Conjurations
 - Level 3.0 Air Magic


You had 7 spell levels left.
You knew the following spells:

 Your Spells              Type           Power        Failure   Level  Hunger
a - Shock                 Conj/Air       #...         9%          1    None

Your spell library contained the following spells:

 Spells                   Type           Power        Failure   Level  Hunger
 Swiftness                Chrm/Air       #.......     16%         2    ##.....
 Static Discharge         Conj/Air       #.......     24%         3    ###....
 Airstrike                Air            ##........   47%         4    ####...
 Lightning Bolt           Conj/Air       #.........   92%         5    ######.


Dungeon Overview and Level Annotations

Branches:
Dungeon (4/15)
 Temple: D:4-7

Altars:
Zin

Shops:
D:2 *

Annotations:
D:3 Jessica


Innate Abilities, Weirdness & Mutations

You cannot wear boots.
Your serpentine skin is tough. (AC +1)
You have supernaturally acute eyesight. (SInv)
Armour fits poorly on your strangely shaped body.
Your system is resistant to poisons. (rPois)
You cover ground very slowly.
You have a slow metabolism.
You can spit poison.


Message History

The jackal barks!
The jackal bites you.
* * * LOW HITPOINT WARNING * * *
The jackal barely misses you. The jackal bites you.
* * * LOW HITPOINT WARNING * * *
The kobold shouts!
Found 7 gold pieces and 14 stones.
There is a stone staircase leading down here.
Unknown command.
The jackal closely misses you. x2
You climb downwards.
There is a stone staircase leading up here.
You aren't carrying any potions.
Unknown command.
Press: ? - help, Shift-Dir - straight line, f - jackal
Aim: a jackal The splash of poison hits the jackal.
You kill the jackal!
You feel slightly more hungry. The jackal bites you.
You die...

.. .l ... ###
(.. ...## ..
.... .....
.##....
....###.....
###.#..h..#
......†@..# .
#####.....# ..
#.....# ..
###..(..#
#.###.......#
.##...#.#.....#
..
..............#
...
######.#.#.###
.....#
##...#.#.#


You could see a jackal and a frilled lizard (sleeping).

Vanquished Creatures
  2 gnolls (D:3)
  A bat (D:2)
  A giant cockroach (D:1)
  A goblin (D:2)
  A jackal (D:2)
  A frilled lizard (D:2)
  A kobold (D:2)
  2 rats
10 creatures vanquished.

Notes
Turn   | Place    | Note
-------+----------+-------------------------------------------
     0 | D:1      | Lavandula the Naga Air Elementalist began the quest for the
                  | Orb.
     0 | D:1      | Reached XP level 1. HP: 15/15 MP: 3/3
    82 | D:2      | Found Zin's Purification Station.
    83 | D:2      | Found a glowing silver altar of Zin.
   121 | D:3      | Reached XP level 2. HP: 22/22 MP: 3/5
   157 | D:3      | Noticed Jessica
   158 | D:3      | Reached XP level 3. HP: 4/28 MP: 3/7
   198 | D:2      | Slain by a jackal

Vault maps used:
D:1:      evilmike_arrival_hilbert_curve, serial_forest,
          infiniplex_forest_corner_2, infiniplex_forest_straight_2,
          infiniplex_forest_end_1, infiniplex_forest_side_room,
          infiniplex_forest_lined_1, infiniplex_forest_clump_double,
          infiniplex_forest_clump_C, infiniplex_forest_clump_tiny,
          infiniplex_forest_clump_large, feat_on_display
D:2:      lemuel_crystal_altar, nicolae_overflow_crystal_walls, zin_purify,
          interstate_on_off, nrook_mini_backslash, uniq_crazy_yiuf_cottage
D:3:      kennysheep_generic_room_11, uniq_jessica
D:4:      minmay_temple_entry_waves

Skill      XL: |  1  2 |
---------------+-------+-----
Spellcasting   | 3 |  3.3
Dodging        | |  1.5
Stealth        | |  3.0
Conjurations   | |  1.0
Air Magic      | |  3.0

Action                   || total
-------------------------++-------
Melee: Dagger            ||     5
 Cast: Shock             ||     5
 Abil: Spit Poison       ||     6
Evoke: Wand              ||     3
  Use: Scroll            ||     1
 Stab: Sleeping          ||     1
Armor: Robe              ||     1
Dodge: Dodged            ||    12

Table legend:
 A = Non-vault XP
 B = Vault XP
 C = Vault XP percentage of total XP
 D = Non-vault monster count
 E = Vault monster count
 F = Vault count percentage of total count
                 A         B        C        D         E       F
            +---------+---------+-------+---------+---------+-------
      Total |      39 |       0 |   0.0 |      10 |       0 |   0.0
            +---------+---------+-------+---------+---------+-------
        D:1 |       2 |       0 |   0.0 |       1 |       0 |   0.0
        D:2 |       9 |       0 |   0.0 |       6 |       0 |   0.0
        D:3 |      28 |       0 |   0.0 |       3 |       0 |   0.0
            +---------+---------+-------+---------+---------+-------
